 Dungeon Crawl Stone Soup version 0.29.0-11-gd7f09526c8 (webtiles) character file.

Game seed: 13563389933125258254

0 greasedhog the Trooper (level 1, 0/14 HPs)
             Began as a Gargoyle Fighter on Sept 3, 2022.
             Slain by an endoplasm (1 damage)
             ... on level 1 of the Dungeon.
             The game lasted 00:00:23 (52 turns).

greasedhog the Trooper (Gargoyle Fighter)             Turns: 52, Time: 00:00:23

Health: 0/14       AC:  9    Str: 19    XL:     1   Next: 10%
Magic:  1/1        EV:  9    Int:  8    God:
Gold:   0          SH:  4    Dex:  9    Spells: 0/0 levels left

rFire   . . .      SeeInvis .   a - +0 flail
rCold   . . .      Faith    .   c - +0 buckler
rNeg    + . .      Spirit   .   b - +0 scale mail
rPois   ∞          Reflect  .   (no helmet)
rElec   +          Harm     .   (no cloak)
rCorr   .          Rampage  .   (no gloves)
Will    .....                   (no boots)
Stlth   ..........              (no amulet)
HPRegen 0.04/turn               (no ring)
MPRegen 0.07/turn               (no ring)

@: no status effects
A: sickness immunity, AC +2, negative energy resistance 1, electricity
resistance, torment resistance 1, petrification resistance
a: no special abilities


You were on level 1 of the Dungeon.
You visited 1 branch of the dungeon, and saw 1 of its levels.

Inventory:

Hand Weapons
 a - a +0 flail (weapon)
Armour
 b - a +0 scale mail (worn)
 c - a +0 buckler (worn)
Potions
 d - a potion of might
 e - a potion of cancellation {unknown}


   Skills:
 * Level 3.3 Fighting
 * Level 2.0 Maces & Flails
 - Level 3.2 Armour
 - Level 3.2 Shields


You couldn't memorise any spells.
You didn't know any spells.
Your spell library was empty.

Dungeon Overview and Level Annotations

Branches:
Dungeon (1/15)

Altars:


Innate Abilities, Weirdness & Mutations

You are immune to sickness and miasma.
Your stone body is resilient. (AC +2)
You are immune to poison.
You resist negative energy. (rN+)
You are resistant to electric shocks. (rElec)
You are resistant to unholy torment.
You are immune to petrification.


Message History

The giant cockroach bites you but does no damage.
You barely miss the goblin. The giant cockroach closely misses you.
You block the goblin's attack.
You closely miss the giant cockroach. The giant cockroach barely misses you.
The goblin hits you but does no damage. The endoplasm freezes you.
You are frozen.
The giant cockroach barely misses you.
A jackal comes into view.
The goblin hits you but does no damage. The endoplasm closely misses you.
You closely miss the giant cockroach.
The jackal barks!
The giant cockroach bites you but does no damage.
The goblin hits you with a +0 dagger. The endoplasm misses you.
The giant cockroach bites you but does no damage.
You completely miss the giant cockroach.
A jackal comes into view.
The goblin hits you but does no damage.
The giant cockroach completely misses you.
The endoplasm freezes you.
You are frozen.
The jackal barks!
You hit the giant cockroach.
The giant cockroach is severely wounded.
The giant cockroach bites you but does no damage.
The goblin closely misses you. The endoplasm freezes you.
You are frozen.
The giant cockroach barely misses you. The goblin hits you but does no damage.
The endoplasm freezes you.
You are frozen.
* * * LOW HITPOINT WARNING * * *
You closely miss the giant cockroach.
The giant cockroach is severely wounded.
The giant cockroach bites you but does no damage.
The goblin hits you but does no damage. You block the endoplasm's attack.
You block the giant cockroach's attack.
You sock the giant cockroach!
You kill the giant cockroach!
The goblin hits you but does no damage. The endoplasm hits you.
You die...

♣≈~≈ ≈.≈♣ ♣≈.≈
≈~≈♣
≈♣♣♣≈.≈♣♣♣≈.≈♣♣♣
≈≈≈≈≈.≈
≈≈≈.≈≈≈≈≈.≈≈≈
..~.~~~ ~..~~~
~~~.~~ .......
#..? #....#
...#..J##.#
#....# #..hg@..#
#....#
#..#####.#
#....# #.#
#....# #.#
#....#
#.#######.#.###.
#.#...........#.
#....#.....#..#.
##..##8###8##.#.
#.........#....


You could see an endoplasm, a jackal and a goblin.

Vanquished Creatures
  A giant cockroach (D:1)
  A ball python (D:1)
2 creatures vanquished.

Notes
Turn   | Place    | Note
-------+----------+-------------------------------------------
     0 | D:1      | greasedhog the Gargoyle Fighter began the quest for the
                  | Orb.
     0 | D:1      | Reached XP level 1. HP: 14/14 MP: 1/1
    52 | D:1      | Slain by an endoplasm

Illustrated notes

Levels and vault maps discovered:
D:1:      scummos_arrival_simple_crosswalls, layout_basic, st_stairs_4,
          minivault_26, kennysheep_boxes

Action                   || total
-------------------------++-------
Melee: Flail             ||    17
Armor: Scale mail        ||    20
Dodge: Dodged            ||    20
Block: Buckler           ||     8
